XFBL
PITTSBURGH PIRATES @ ATLANTA BRAVES
04/26/1982
 
TOP OF THE 1ST
Pittsburgh Pirates batting - Pitching for Atlanta Braves : RHP Alan Knicely
Pitching: RHP Alan Knicely
Batting: RHB Dan Gladden 0-0: Called Strike
0-1: Foul Ball, location: 2F
0-2: Hit by Pitch
Batting: SHB Chili Davis 0-0: Ball
1-0: Called Strike
1-1: Swinging Strike
1-2: Ball
2-2: Fielders Choice at 2nd, 4-6 (Groundball, 4, EV 90.0 MPH)
Batting: RHB Rennie Stennett 0-0: Foul Ball, location: 2F
0-1: Ball
1-1: Foul Ball, location: 2F
1-2: Foul Ball, location: 2F
1-2: Foul Ball, location: 2F
1-2: Strikes out swinging
Batting: LHB Robert Lopez 0-0: Ball
1-0: Ball
2-0: Called Strike
2-1: Fly out, F8 (Flyball, 78D, EV 98.8 MPH)
Top of the 1st over - 0 runs, 0 hits, 0 errors, 1 left on base; Pittsburgh 0 - Atlanta 0
BOTTOM OF THE 1ST
Atlanta Braves batting - Pitching for Pittsburgh Pirates : RHP Dennis Leonard
Pitching: RHP Dennis Leonard
Batting: LHB Brett Butler 0-0: Swinging Strike
0-1: Swinging Strike
0-2: Strikes out swinging
Batting: SHB UL Washington 0-0: Ball
1-0: Ball
2-0: Ground out 4-3 (Groundball, 4M, EV 86.3 MPH)
Batting: SHB Tony Fernandez 0-0: Called Strike
0-1: Ball
1-1: Called Strike
1-2: Ball
2-2: Ball
3-2: Foul Ball, location: 2F
3-2: Base on Balls
Batting: LHB Karl Pagel 0-0: Foul Ball, location: 2F
0-1: Called Strike
0-2: Ball
1-2: Ball
2-2: Ball
3-2: Fly out, F7 (Flyball, 78D, EV 91.9 MPH)
Bottom of the 1st over - 0 runs, 0 hits, 0 errors, 1 left on base; Pittsburgh 0 - Atlanta 0
TOP OF THE 2ND
Pittsburgh Pirates batting - Pitching for Atlanta Braves : RHP Alan Knicely
Batting: LHB Greg Walker 0-0: Foul Ball, location: 2F
0-1: SINGLE (Line Drive, 6MD, EV 105.6 MPH)
Batting: RHB Mike C Brown 0-0: Called Strike
0-1: Ball
1-1: Called Strike
1-2: Ball
2-2: Ball
3-2: Base on Balls
Greg Walker to second
Batting: SHB John Shelby 0-0: Foul Ball, location: 2F
0-1: Foul Ball, location: 2F
0-2: Strikes out looking
Batting: SHB Ron Oester 0-0: Called Strike
0-1: Ball
1-1: Ball
2-1: DOUBLE (Flyball, 9LD, EV 107.5 MPH)
Greg Walker scores
Mike C Brown to third
Runner from 3rd tries for Home, SAFE, throw by RF to home
Batting: RHB Dennis Leonard 0-0: Foul Ball, location: 2F
0-1: Ball
1-1: Foul Ball, location: 2F
1-2: Ball
2-2: Foul Ball, location: 2F
2-2: Ball
3-2: Foul Ball, location: 2F
3-2: Strikes out swinging
Batting: RHB Dan Gladden 0-0: Foul Ball, location: 2F
0-1: Ball
1-1: Fly out, F9 (Flyball, 9D, EV 81.3 MPH)
Top of the 2nd over - 2 runs, 2 hits, 0 errors, 1 left on base; Pittsburgh 2 - Atlanta 0
BOTTOM OF THE 2ND
Atlanta Braves batting - Pitching for Pittsburgh Pirates : RHP Dennis Leonard
Batting: LHB Leon Durham 0-0: Ball
1-0: Ball
2-0: Foul Ball, location: 2F
2-1: Ball
3-1: Reached on error, E9 (Flyball, 9LS, EV 88.1 MPH)
Batting: LHB Mike Hargrove 0-0: Ball
1-0: Ball
2-0: Ball
3-0: Called Strike
3-1: Base on Balls
Leon Durham to second
Batting: RHB Adam Suman 0-0: Called Strike
0-1: Foul Ball, location: 2F
0-2: Strikes out swinging
Batting: RHB Tom Veryzer 0-0: Swinging Strike
0-1: Grounds into double play, 6-4-3 (Groundball, 6, EV 86.9 MPH)
Bottom of the 2nd over - 0 runs, 0 hits, 1 error, 1 left on base; Pittsburgh 2 - Atlanta 0
TOP OF THE 3RD
Pittsburgh Pirates batting - Pitching for Atlanta Braves : RHP Alan Knicely
Batting: SHB Chili Davis 0-0: Called Strike
0-1: Swinging Strike
0-2: Ball
1-2: Ground out 4-3 (Groundball, 4, EV 101.3 MPH)
Batting: RHB Rennie Stennett 0-0: Ball
1-0: Ball
2-0: Called Strike
2-1: Ball
3-1: Fly out, F9 (Line Drive, 9D, EV 106.3 MPH)
Batting: LHB Robert Lopez 0-0: Ground out U3 (Groundball, 3S, EV 62.5 MPH)
Top of the 3rd over - 0 runs, 0 hits, 0 errors, 0 left on base; Pittsburgh 2 - Atlanta 0
BOTTOM OF THE 3RD
Atlanta Braves batting - Pitching for Pittsburgh Pirates : RHP Dennis Leonard
Batting: RHB Alan Knicely 0-0: Foul Ball, location: 2F
0-1: Swinging Strike
0-2: Ball
1-2: Foul Ball, location: 2F
1-2: Strikes out looking
Batting: LHB Brett Butler 0-0: Ball
1-0: Called Strike
1-1: Ground out 1-3 (Groundball, 15S, EV 73.1 MPH)
Batting: SHB UL Washington 0-0: Foul Ball, location: 2F
0-1: Ground out U3 (Groundball, 3, EV 103.8 MPH)
Bottom of the 3rd over - 0 runs, 0 hits, 0 errors, 0 left on base; Pittsburgh 2 - Atlanta 0
TOP OF THE 4TH
Pittsburgh Pirates batting - Pitching for Atlanta Braves : RHP Alan Knicely
Batting: LHB Greg Walker 0-0: SOLO HOME RUN (Flyball, 8LXD, EV 92.5 MPH), Distance : 438 ft
Batting: RHB Mike C Brown 0-0: Foul Ball, location: 2F
0-1: Ball
1-1: Foul Ball, location: 2F
1-2: Foul Ball, location: 2F
1-2: Ground out 5-3 (Groundball, 56S, EV 90.6 MPH)
Batting: SHB John Shelby 0-0: Foul Ball, location: 2F
0-1: Foul Ball, location: 2F
0-2: Ground out 4-3 (Groundball, 4, EV 78.1 MPH)
Batting: SHB Ron Oester 0-0: Swinging Strike
0-1: Ball
1-1: Called Strike
1-2: Ground out 4-3 (Groundball, 4MD, EV 99.4 MPH)
Top of the 4th over - 1 run, 1 hit, 0 errors, 0 left on base; Pittsburgh 3 - Atlanta 0
BOTTOM OF THE 4TH
Atlanta Braves batting - Pitching for Pittsburgh Pirates : RHP Dennis Leonard
Batting: SHB Tony Fernandez 0-0: Called Strike
0-1: Ball
1-1: Ground out 4-3 (Groundball, 34, EV 80.0 MPH)
Batting: LHB Karl Pagel 0-0: Swinging Strike
0-1: Swinging Strike
0-2: Ball
1-2: Fly out, F9 (Line Drive, 9, EV 109.4 MPH)
Batting: LHB Leon Durham 0-0: Called Strike
0-1: Ball
1-1: Ball
2-1: Fly out, F3 (Flyball, 3D, EV 87.5 MPH)
Bottom of the 4th over - 0 runs, 0 hits, 0 errors, 0 left on base; Pittsburgh 3 - Atlanta 0
TOP OF THE 5TH
Pittsburgh Pirates batting - Pitching for Atlanta Braves : RHP Alan Knicely
Batting: RHB Dennis Leonard 0-0: Called Strike
0-1: Swinging Strike
0-2: Strikes out swinging
Batting: RHB Dan Gladden 0-0: Ball
1-0: Ground out 5-3 (Groundball, 56S, EV 72.5 MPH)
Batting: SHB Chili Davis 0-0: Foul Ball, location: 2F
0-1: Ball
1-1: Foul Ball, location: 2F
1-2: Ball
2-2: Ball
3-2: SOLO HOME RUN (Flyball, 9D, EV 95.0 MPH), Distance : 374 ft
Batting: RHB Rennie Stennett 0-0: Fly out, F7 (Line Drive, 8LM, EV 98.1 MPH)
Top of the 5th over - 1 run, 1 hit, 0 errors, 0 left on base; Pittsburgh 4 - Atlanta 0
BOTTOM OF THE 5TH
Atlanta Braves batting - Pitching for Pittsburgh Pirates : RHP Dennis Leonard
Batting: LHB Mike Hargrove 0-0: Foul Ball, location: 2F
0-1: Ball
1-1: Ball
2-1: Ball
3-1: Fly out, F2 (Popup, 2LF, EV 95.6 MPH)
Batting: RHB Adam Suman 0-0: DOUBLE (Groundball, 5L, EV 101.9 MPH)
Batting: RHB Tom Veryzer 0-0: DOUBLE (Line Drive, 7LD, EV 107.5 MPH)
Adam Suman scores
Batting: RHB Alan Knicely 0-0: Ball
Tom Veryzer is caught stealing 3rd base 2-5
1-0: Called Strike
1-1: SOLO HOME RUN (Flyball, 7LD, EV 96.9 MPH), Distance : 353 ft
Batting: LHB Brett Butler 0-0: Bunted foul
0-1: Ground out 4-3 (Groundball, 4S, EV 83.8 MPH)
Bottom of the 5th over - 2 runs, 3 hits, 0 errors, 0 left on base; Pittsburgh 4 - Atlanta 2
TOP OF THE 6TH
Pittsburgh Pirates batting - Pitching for Atlanta Braves : RHP Alan Knicely
Batting: LHB Robert Lopez 0-0: Ball
1-0: Called Strike
1-1: Swinging Strike
1-2: Fly out, F8 (Flyball, 8LM, EV 88.8 MPH)
Batting: LHB Greg Walker 0-0: Called Strike
0-1: Ball
1-1: Called Strike
1-2: Strikes out swinging
Batting: RHB Mike C Brown 0-0: Ball
1-0: Foul Ball, location: 2F
1-1: Fly out, F9 (Flyball, 9, EV 87.5 MPH)
Top of the 6th over - 0 runs, 0 hits, 0 errors, 0 left on base; Pittsburgh 4 - Atlanta 2
BOTTOM OF THE 6TH
Atlanta Braves batting - Pitching for Pittsburgh Pirates : RHP Dennis Leonard
Batting: SHB UL Washington 0-0: Ground out U3 (Groundball, 3, EV 83.8 MPH)
Batting: SHB Tony Fernandez 0-0: Swinging Strike
0-1: Swinging Strike
0-2: SINGLE (Groundball, 34S, EV 70.6 MPH) (infield hit)
Batting: LHB Karl Pagel 0-0: Ball
1-0: Ball
2-0: Swinging Strike
2-1: Ball
3-1: Foul Ball, location: 2F
3-2: SINGLE (Flyball, 7LS, EV 95.0 MPH)
Tony Fernandez to second
Tony Fernandez to third
Batting: LHB Leon Durham 0-0: Swinging Strike
0-1: Called Strike
0-2: 3-RUN HOME RUN (Line Drive, 9LD, EV 106.9 MPH), Distance : 354 ft
Pitching: RHP Mark Lemongello
Now in RF: Terry Whitfield
Batting: LHB Mike Hargrove 0-0: Called Strike
0-1: Called Strike
0-2: Ball
1-2: Ground out U3 (Groundball, 34, EV 94.4 MPH)
Batting: RHB Adam Suman 0-0: Fly out, F6 (Popup, 6MS, EV 78.8 MPH)
Bottom of the 6th over - 3 runs, 3 hits, 0 errors, 0 left on base; Pittsburgh 4 - Atlanta 5
TOP OF THE 7TH
Pittsburgh Pirates batting - Pitching for Atlanta Braves : RHP Alan Knicely
Batting: SHB John Shelby 0-0: Ball
1-0: Ball
2-0: Called Strike
2-1: Called Strike
2-2: Foul Ball, location: 2F
2-2: Strikes out swinging
Batting: SHB Ron Oester 0-0: Ball
1-0: Called Strike
1-1: Called Strike
1-2: Strikes out swinging
Batting: LHB Terry Whitfield 0-0: Ball
1-0: Ground out 4-3 (Groundball, 4, EV 81.9 MPH)
Top of the 7th over - 0 runs, 0 hits, 0 errors, 0 left on base; Pittsburgh 4 - Atlanta 5
BOTTOM OF THE 7TH
Atlanta Braves batting - Pitching for Pittsburgh Pirates : RHP Mark Lemongello
Batting: RHB Tom Veryzer 0-0: Called Strike
0-1: Called Strike
0-2: Fly out, F9 (Flyball, 89S, EV 90.0 MPH)
Pinch Hitting: LHB Bobby Murcer 0-0: Called Strike
0-1: Ball
1-1: Ball
2-1: Foul Ball, location: 2F
2-2: SOLO HOME RUN (Flyball, 9LD, EV 97.5 MPH), Distance : 345 ft
Batting: LHB Brett Butler 0-0: Ground out 1-3 (Groundball, P, EV 68.8 MPH)
Batting: SHB UL Washington 0-0: Ball
1-0: Ball
2-0: Ball
3-0: Ground out 1-3 (Groundball, 25, EV 70.0 MPH)
Bottom of the 7th over - 1 run, 1 hit, 0 errors, 0 left on base; Pittsburgh 4 - Atlanta 6
TOP OF THE 8TH
Pittsburgh Pirates batting - Pitching for Atlanta Braves : RHP Alan Knicely
Pitching: LHP Wilbur Wood
Batting: RHB Dan Gladden 0-0: Ball
1-0: Swinging Strike
1-1: Called Strike
1-2: Fly out, F8 (Flyball, 89S, EV 78.1 MPH)
Batting: SHB Chili Davis 0-0: Ball
1-0: Ball
2-0: Ball
3-0: Called Strike
3-1: Called Strike
3-2: Ground out 5-3 (Groundball, 25, EV 81.3 MPH)
Batting: RHB Rennie Stennett 0-0: Ball
1-0: Ball
2-0: Fly out, F8 (Flyball, 89D, EV 90.0 MPH)
Top of the 8th over - 0 runs, 0 hits, 0 errors, 0 left on base; Pittsburgh 4 - Atlanta 6
BOTTOM OF THE 8TH
Atlanta Braves batting - Pitching for Pittsburgh Pirates : RHP Mark Lemongello
Batting: SHB Tony Fernandez 0-0: SINGLE (Line Drive, 7LM, EV 91.9 MPH)
Batting: LHB Karl Pagel 0-0: Ball
1-0: Called Strike
1-1: Ball
2-1: 2-RUN HOME RUN (Flyball, 9D, EV 93.8 MPH), Distance : 364 ft
Pitching: RHP Scott Lyman
Batting: LHB Leon Durham 0-0: Foul Ball, location: 2F
0-1: Swinging Strike
0-2: Ball
1-2: Ball
2-2: Strikes out swinging
Batting: LHB Mike Hargrove 0-0: Ball
1-0: Called Strike
1-1: Foul Ball, location: 2F
1-2: Ball
2-2: Foul Ball, location: 2F
2-2: Ball
3-2: Foul Ball, location: 2F
3-2: SINGLE (Groundball, 34D, EV 96.9 MPH)
Batting: RHB Adam Suman 0-0: Foul Ball, location: 2F
0-1: Grounds into double play, 4-6-3 (Groundball, 34, EV 78.1 MPH)
Bottom of the 8th over - 2 runs, 3 hits, 0 errors, 0 left on base; Pittsburgh 4 - Atlanta 8
TOP OF THE 9TH
Pittsburgh Pirates batting - Pitching for Atlanta Braves : LHP Wilbur Wood
Batting: LHB Robert Lopez 0-0: Ball
1-0: DOUBLE (Line Drive, 5D, EV 97.5 MPH)
Batting: LHB Greg Walker 0-0: Called Strike
0-1: Ball
1-1: Swinging Strike
1-2: SINGLE (Groundball, 6MD, EV 103.8 MPH)
Robert Lopez to third
Pinch Hitting: RHB William Max 0-0: Ball
Wild Pitch!
Robert Lopez scores
Greg Walker to second
1-0: Fly out, F8 (Flyball, 8RXD, EV 86.3 MPH)
Runner from 2nd tags up, SAFE at 3rd, no throw by CF
Batting: SHB John Shelby 0-0: Ball
1-0: Foul Ball, location: 2F
1-1: Ball
2-1: Fly out, F7 (Line Drive, 7, EV 96.9 MPH)
Batting: SHB Ron Oester 0-0: Called Strike
0-1: Called Strike
0-2: Ball
1-2: Strikes out looking
Top of the 9th over - 1 run, 2 hits, 0 errors, 1 left on base; Pittsburgh 5 - Atlanta 8
Thursday, July 23rd, 2020 - OOTP Baseball 21.5 Build 71